 Dungeon Crawl Stone Soup version 0.28-a0-1213-g0243856f03 (webtiles) character file.

Game seed: 4828050353742362292

243 skeletoncrazy the Cudgeller (level 5, 0/45 HPs)
             Began as a Demigod Fighter on Dec 21, 2021.
             Slain by a gnoll (5 damage)
             ... on level 4 of the Dungeon.
             The game lasted 00:14:32 (2547 turns).

skeletoncrazy the Cudgeller (Demigod Fighter)       Turns: 2547, Time: 00:14:34

Health: 0/45       AC: 18    Str: 17    XL:     5   Next: 52%
Magic:  9/9        EV:  9    Int: 14    God:
Gold:   174        SH:  0    Dex: 13    Spells: 2/6 levels left

rFire   + . .      SeeInvis .   e - +2 dire flail (protect)
rCold   . . .      Faith    .   (shield currently unavailable)
rNeg    . . .      Spirit   .   r - +1 scale mail {rF+}
rPois   .          Reflect  .   (no helmet)
rElec   .          Harm     .   (no cloak)
rCorr   +          Rampage  .   (no gloves)
Will    .....                   (no boots)
Stlth   ..........              h - amulet of magic regeneration
HPRegen 0.15/turn               i - ring of resist corrosion
MPRegen 0.51/turn               k - +4 ring of protection

@: under a protective aura, studying Armour
A: high mp 1, forlorn, divine attributes
a: no special abilities


You were on level 4 of the Dungeon.
You visited 1 branch of the dungeon, and saw 4 of its levels.

You collected 174 gold pieces.

Inventory:

Hand Weapons
 a - a +0 flail
 e - a +2 dire flail of protection (weapon)
Armour
 b - a +0 scale mail
 c - a +0 buckler
 f - a +0 chain mail
 g - a +0 leather armour
 j - a +0 ring mail
 l - a +1 scale mail of cold resistance
 r - a +1 scale mail of fire resistance (worn)
Jewellery
 h - an amulet of magic regeneration (around neck)
 i - a ring of resist corrosion (left hand)
 k - a +4 ring of protection (right hand)
 n - a +4 ring of slaying
Scrolls
 o - 3 scrolls of identify
Potions
 d - a potion of might
 m - a potion of degeneration
 p - a potion of resistance {unknown}
 q - a potion of ambrosia {unknown}


   Skills:
 - Level 3.0 Fighting
 * Level 4.7 Maces & Flails
 + Level 3.3 Armour
 - Level 2.6 Shields
 * Level 1.1 Spellcasting
 * Level 0.6 Hexes


You had 2 spell levels left.
You knew the following spells:

 Your Spells              Type           Power      Damage    Failure   Level
a - Foxfire               Conj/Fire      0%         2x1d4     65%         1
b - Tukima's Dance        Hex            2%         N/A       89%         3

Your spell library contained the following spells:

 Spells                   Type           Power      Damage    Failure   Level
 Ensorcelled Hibernation  Hex/Ice        2%         N/A       75%         2
 Inner Flame              Hex/Fire       1%         N/A       92%         3
 Conjure Flame            Conj/Fire      0%         6-21      95%         3
 Flame Wave               Conj/Fire      0%         2d4       100%        4


Dungeon Overview and Level Annotations

Branches:
Dungeon (4/15)             Temple (0/1) D:4

Shops:
D:1 *

Annotations:
D:4 Pikel


Innate Abilities, Weirdness & Mutations

You have an increased reservoir of magic. (+10% MP)
You shall have no god before yourself.
Your divine heritage dramatically boosts your attributes as you level up.


Message History

Your weapon exudes an aura of protection.
The lemure is lightly wounded.
The lemure hits you. The gnoll hits you but does no damage.
You sock the lemure!
The lemure is heavily wounded.
The lemure hits you but does no damage. The gnoll closely misses you.
You barely miss the lemure.
The lemure is moderately wounded.
The gnoll hits you but does no damage. The lemure hits you.
You barely miss the lemure.
The lemure is moderately wounded.
The gnoll hits you but does no damage. The lemure hits you but does no damage.
You closely miss the lemure.
The lemure is moderately wounded.
The gnoll hits you from afar with a +0 spear.
The lemure completely misses you.
You puncture the lemure!
The lemure is severely wounded.
The lemure hits you but does no damage. The gnoll hits you but does no damage.
You hit the lemure.
The lemure is almost dead.
The lemure closely misses you. The gnoll misses you.
You closely miss the lemure.
The lemure is almost dead.
The lemure closely misses you. The gnoll closely misses you.
The gnoll hits you but does no damage.
You barely miss Pikel. The gnoll hits you but does no damage.
Your scale mail prevents you from hitting Pikel.
Pikel barely misses you. The gnoll barely misses you.
You thump Pikel!
Pikel is moderately wounded.
Pikel barely misses you. The gnoll closely misses you.
You thump Pikel!
Pikel is severely wounded.
Pikel hits you with a +2 whip of freezing!
* * * LOW HITPOINT WARNING * * *
Pikel freezes you.
* * * LOW HITPOINT WARNING * * *
The gnoll hits you from afar with a +0 spear.
You die... . # .#. #.. ###.# ..g## #. 5g5

.####.# #K# #.#......
#@# #...##.g. #.# ##
.).#..<.########.###.#
...........##....#...#
..............###..###
.............#....##
.............#.####
.....###'###...#
.....#.....#..##


You could see Pikel, 2 lemures and 2 gnolls.

Vanquished Creatures
  Edmund (D:4)
  2 lemures (D:4)
  A hound (D:4)
  2 gnolls (D:4)
  3 adders
  2 adder skeletons
  A dart slug (D:2)
  An orc (D:3)
  5 endoplasms
  2 giant cockroaches
  2 goblins
  5 hobgoblins
  5 kobolds
  2 quokkas (D:1)
  5 ball pythons
  A bat (D:2)
  A frilled lizard (D:1)
  10 rats
51 creatures vanquished.

Notes
Turn   | Place    | Note
-------+----------+-------------------------------------------
     0 | D:1      | skeletoncrazy the Demigod Fighter began the quest for the
                  | Orb.
     0 | D:1      | Reached XP level 1. HP: 18/18 MP: 3/3
   136 | D:1      | Found Ozaceyc's Assorted Antiques.
   158 | D:1      | Reached skill level 2 in Maces & Flails
   214 | D:1      | Reached XP level 2. HP: 2/25 MP: 4/4
   742 | D:1      | HP: 1/26 [ball python (1)]
  1290 | D:2      | Identified a scroll of acquirement
  1290 | D:2      | Acquired a +4 ring of protection
  1510 | D:2      | Reached XP level 3. HP: 31/31 MP: 5/5
  1517 | D:2      | Learned a level 1 spell: Foxfire
  2149 | D:3      | Reached skill level 3 in Maces & Flails
  2418 | D:4      | Reached XP level 4. HP: 37/38 MP: 7/7
  2432 | D:4      | Learned a level 3 spell: Tukima's Dance
  2432 | D:4      | Found a staircase to the Ecumenical Temple.
  2432 | D:4      | Noticed Edmund
  2445 | D:4      | Killed Edmund
  2446 | D:4      | Reached skill level 4 in Maces & Flails
  2446 | D:4      | Reached skill level 1 in Spellcasting
  2446 | D:4      | Reached XP level 5. HP: 45/45 MP: 7/9
  2502 | D:4      | Noticed Pikel
  2547 | D:4      | Slain by a gnoll

Illustrated notes

Levels and vault maps discovered:
D:1:      minmay_arrival_stair_chambers, layout_rooms,
          hellmonk_ecumenical_altar_inner_sanctum, serial_shops, shop_fountains
D:2:      layout_basic
D:3:      layout_basic, minmay_cut_off
D:4:      layout_rooms, minmay_temple_entry_glassed_door, serial_shops,
          nicolae_shop_behind_doors, eino_small_chamber_without_monster,
          uniq_crazy_yiuf_cottage, uniq_edmund, uniq_pikel, uniq_menkaure

Skill      XL: |  1  2  3  4 |
---------------+-------------+-----
Maces & Flails | 2 3 4 |  4.7
Armour         | 3 |  3.3
Fighting       | 3 |  3.0
Spellcasting   | 1 |  1.1
Shields        | |  2.6
Hexes          | |  0.6

Action                   |  1- 3 |  4- 6 || total
-------------------------+-------+-------++-------
Melee: Flail             |   172 |    11 ||   183
       Dire flail        |       |    40 ||    40
  Use: Scroll            |     6 |       ||     6
       Potion            |     1 |     1 ||     2
Armor: Scale mail        |    61 |    38 ||    99
       Ring mail         |    31 |       ||    31
       Leather armour    |     3 |       ||     3
Dodge: Dodged            |   110 |    30 ||   140
Block: Buckler           |    21 |       ||    21

Table legend: (Time is in decaauts)
 A = Elapsed time spent in this place.
 B = Non-inter-level travel time spent in this place.
 C = Inter-level travel time spent in this place.
 D = Time resting spent in this place.
 E = Time spent auto-exploring this place.
 F = Levels seen in this place.
 G = Mean time per level.
                   A        B        C        D        E       F      G
               +--------+--------+--------+--------+--------+-----+--------+
         Total |   2607 |   1726 |    881 |    916 |      0 |   4 |  651.8 |
       Dungeon |   2607 |   1726 |    881 |    916 |      0 |   4 |  651.8 |
               +--------+--------+--------+--------+--------+-----+--------+

Top non-repeatable levels by time:
     D:1: 1100 daAuts
     D:3: 604 daAuts
     D:2: 589 daAuts
     D:4: 312 daAuts
